 Dungeon Crawl Stone Soup version 0.19.1-1-g22dce08 (webtiles) character file.

3009 empire the Protected (level 10, -4/63 HPs)
             Began as a Human Conjurer on Jan 6, 2017.
             Was a Follower of Sif Muna.
             Slain by mopl's ghost (25 damage)
             ... on level 8 of the Dungeon.
             The game lasted 00:25:52 (10477 turns).

empire the Protected (Human Conjurer)              Turns: 10477, Time: 00:25:53

Health: -4/63      AC: 15    Str:  9    XL:     10   Next: 10%
Magic:  16/16      EV: 16    Int: 18    God:    Sif Muna [*.....]
Gold:   383        SH:  0    Dex: 14    Spells: 4 memorised, 4 levels left

rFire  . . .     SeeInvis .     b - +0 great mace (protect)
rCold  . . .     Gourm    .     r - +5 scale mail
rNeg   . . .     Faith    .     (shield currently unavailable)
rPois  .         Spirit   .     (no helmet)
rElec  .         Reflect  .     a - +0 cloak
rCorr  .         Harm     .     (no gloves)
MR     .....                    (no boots)
Stlth  +.........               (no amulet)
                                q - +2 ring of evasion
                                s - +5 ring of evasion

@: no status effects
A: no striking features
a: Divine Energy, Renounce Religion


You were on level 8 of the Dungeon.
You worshipped Sif Muna.
Sif Muna was aware of your devotion.
You were not hungry.

You visited 2 branches of the dungeon, and saw 9 of its levels.

You collected 383 gold pieces.

Inventory:

Hand Weapons
 b - a +0 great mace of protection (weapon)
 d - a +0 flail of crushing
 f - a +2 quarterstaff of chaos
 g - the +3 shortbow "Beetleslayer" {flame, +Blink rN+ Int+3 Dex+3, unknown}
   (You found it on level 4 of the Dungeon)

   It causes projectiles fired from it to burn those they strike, causing extra
   injury to most foes and up to half again as much damage against particularly
   susceptible opponents.
   It affects your intelligence (+3).
   It affects your dexterity (+3).
   It protects you from negative energy.
   It lets you blink.
 j - a +1 flail of protection
 t - a +2 flail of crushing
Armour
 a - a +0 cloak (worn)
 r - a +5 scale mail (worn)
Jewellery
 q - a +2 ring of evasion (right hand)
 s - a +5 ring of evasion (left hand)
Scrolls
 h - 3 scrolls of amnesia {unknown}
 p - 3 scrolls of remove curse
 w - a scroll of immolation {unknown}
 x - a scroll of silence {unknown}
Potions
 e - 2 potions of lignification
 i - 2 potions of flight
 k - a potion of mutation {unknown}
Books
 l - a book of Conjurations

   Spells                             Type                      Level
   a - Magic Dart                     Conjuration                  1
   b - Searing Ray                    Conjuration                  2
   c - Dazzling Spray                 Conjuration/Hexes            3
   d - Fulminant Prism                Conjuration/Hexes            4
   e - Iskenderun's Mystic Blast      Conjuration                  4
   f - Iskenderun's Battlesphere      Conjuration/Charms           5
Comestibles
 c - 6 bread rations
 m - 3 fruits
 n - a slice of pizza
 o - 3 meat rations
 u - 2 beef jerkies
 v - 4 chunks of flesh


   Skills:
 + Level 4.7 Maces & Flails
 - Level 12.1 Armour
 - Level 2.0 Dodging
 - Level 2.0 Stealth
 - Level 4.0 Spellcasting
 + Level 7.0 Conjurations
 + Level 4.8 Hexes


You had 4 spell levels left.
You knew the following spells:

 Your Spells              Type           Power        Failure   Level  Hunger
a - Magic Dart            Conj           ####         4%          1    None
b - Dazzling Spray        Conj/Hex       ###...       21%         3    ###....
c - Iskenderun's Mystic   Conj           ####....     38%         4    ####...
d - Iskenderun's Battles  Conj/Chrm      ###.....     100%        5    ######.


Dungeon Overview and Level Annotations

Branches:
Dungeon (8/15)             Temple (1/1) D:4
   Lair: D:8-11

Altars:
Ashenzari
Cheibriados
Dithmenos
Elyvilon
Fedhas
Gozag
Hepliaklqana
Kikubaaqudgha
Makhleb
Nemelex Xobeh
Okawaru
Qazlal
Ru
Sif Muna
Trog
Uskayaw
Vehumet
Xom
Yredelemnul
Zin
The Shining One

Shops:
D:8 ?

Annotations:
D:4 Sigmund
D:5 Vahdor's ghost, novice HuFi
D:8 mopl's ghost, novice OgAM


Message History

Mopl's ghost turns its malevolent gaze towards you.
Mopl's ghost says, "Ah, a second chance to prove myself in battle!"
Press: ? - help, v - describe, . - travel
Here: mopl's ghost The floor.
Unknown command.
A worker ant comes into view.
The worker ant twitches its antennae in your direction.
Mopl's ghost hits you!
You see here a scroll labeled SAHU ROGIXUZEI.
w - a scroll labeled SAHU ROGIXUZEI Mopl's ghost wails, "I have seen your future, and it is all used up."
Mopl's ghost hits you! The worker ant misses you.
The worker ant closely misses you.
The worker ant bites you but does no damage.
You see here a scroll labeled HAORER CETHREO.
x - a scroll labeled HAORER CETHREO Mopl's ghost hits you!!
The worker ant misses you. Mopl's ghost hits you!!
You die...

.....# ....##
#....# ##########
#....# .#...#...##
####....#
#..........#
##.......
#...........
##.......#
#...........
#.......@#
#........... ##
#......aW#
#...(.....# .###
#........#
#...#...## ...###
##.....#.#
####.<.... .#...##
##.....#.# #..##...
.###..# #........#
#[#...## .# ##.#
#........#### #.
.### .##
#.###......>..[.#
#... ..#
#.............#..##
#..#


You could see a worker ant and mopl's ghost.

Vanquished Creatures
  3 yaks (D:8)
  Eustachio (D:6)
  Menkaure (D:5)
  An ice beast (D:6)
  A black bear (D:6)
  A phantom (D:6)
  3 ogres
  3 big kobolds (D:4)
  A bullfrog (D:6)
  A scorpion (D:5)
  3 howler monkeys
  A bullfrog zombie (D:5)
  A centaur skeleton (D:5)
  7 hounds
  3 orc wizards
  Crazy Yiuf (D:6)
  4 iguanas
  9 worker ants
  A howler monkey zombie (D:7)
  8 adders
  11 gnolls
  3 oozes
  A dart slug (D:2)
  6 leopard geckos
  17 orcs
  4 bats
  7 giant cockroaches
  23 goblins
  12 hobgoblins
  10 jackals
  7 quokkas
  4 ball pythons
  A ball python skeleton (D:4)
  6 frilled lizards
  7 kobolds
  A leopard gecko zombie (D:6)
  A quokka skeleton (D:7)
  8 rats
183 creatures vanquished.

Notes
Turn   | Place    | Note
-------+----------+-------------------------------------------
     0 | D:1      | empire the Human Conjurer began the quest for the Orb.
     0 | D:1      | Reached XP level 1. HP: 13/13 MP: 3/3
    80 | D:1      | Reached XP level 2. HP: 19/19 MP: 0/5
   506 | D:1      | Reached XP level 3. HP: 23/24 MP: 4/6
   530 | D:1      | Learned a level 3 spell: Dazzling Spray
   598 | D:1      | Found a shattered altar of Ashenzari.
  1642 | D:2      | Found a faded altar of an unknown god.
  1838 | D:2      | Reached XP level 4. HP: 23/30 MP: 5/8
  2241 | D:2      | Reached skill level 1 in Hexes
  2279 | D:2      | Learned a level 4 spell: Iskenderun's Mystic Blast
  3073 | D:2      | Found an opulent altar of Gozag.
  3082 | D:2      | Reached skill level 1 in Maces & Flails
  3125 | D:3      | Reached XP level 5. HP: 35/35 MP: 5/9
  3718 | D:3      | Reached skill level 5 in Conjurations
  4118 | D:4      | Noticed an ogre
  4127 | D:4      | Killed an ogre
  4127 | D:4      | Reached XP level 6. HP: 39/41 MP: 0/11
  4598 | D:4      | Found a staircase to the Ecumenical Temple.
  4635 | Temple   | Entered the Ecumenical Temple
  4733 | Temple   | Became a worshipper of Sif Muna the Loreminder
  4780 | Temple   | Reached skill level 12 in Armour
  4780 | Temple   | Reached XP level 7. HP: 46/46 MP: 12/12
  5299 | D:4      | Got an ebony shortbow
  5462 | D:4      | Reached XP level 8. HP: 18/52 MP: 0/13
  5725 | Temple   | Learned a level 5 spell: Iskenderun's Battlesphere
  5937 | D:4      | Noticed Sigmund
  6005 | D:5      | Entered Level 5 of the Dungeon
  6298 | D:5      | Reached * piety under Sif Muna
  6802 | D:5      | Noticed Menkaure
  6812 | D:5      | Killed Menkaure
  7226 | D:5      | Noticed Vahdor's ghost (novice HuFi)
  7265 | D:6      | Reached XP level 9. HP: 57/57 MP: 15/15
  8361 | D:6      | Noticed Eustachio
  8371 | D:6      | Killed Eustachio
  8641 | D:6      | Found a runed door.
  8645 | D:6      | Noticed Crazy Yiuf
  8648 | D:6      | Killed Crazy Yiuf
 10307 | D:8      | Reached XP level 10. HP: 37/63 MP: 4/16
 10461 | D:8      | Found Souczour's Magic Scroll Boutique.
 10466 | D:8      | Noticed mopl's ghost (novice OgAM)
 10477 | D:8      | Slain by mopl's ghost

Skill      XL: |  1  2  3  4  5  6  7  8  9 10 |
---------------+-------------------------------+-----
Hexes          | 1 2 3 4 |  4.8
Spellcasting   | 3 4 |  4.0
Maces & Flails | 1 2 3 4 |  4.7
Conjurations   | 5 6 7 |  7.0
Armour         | 12 | 12.1
Dodging        | |  2.0
Stealth        | |  2.0

Action                   |  1- 3 |  4- 6 |  7- 9 | 10-12 || total
-------------------------+-------+-------+-------+-------++-------
Melee: Unarmed           |    18 |       |       |       ||    18
       Great mace        |     5 |    46 |   456 |     4 ||   511
       Short sword       |     5 |       |       |       ||     5
 Cast: Magic Dart        |    64 |   104 |    83 |       ||   251
       Dazzling Spray    |       |     2 |    34 |       ||    36
  Use: Scroll            |       |     8 |     8 |       ||    16
       Potion            |       |     1 |     6 |       ||     7
 Stab: Sleeping          |     1 |       |       |       ||     1
       Invisible         |       |       |     4 |       ||     4
  Eat: Chunk             |     3 |    10 |    22 |     1 ||    36
Armor: Robe              |     6 |    22 |       |       ||    28
       Scale mail        |       |       |   374 |     4 ||   378
Dodge: Dodged            |    25 |    76 |   565 |     4 ||   670
